 Dungeon Crawl Stone Soup version 0.29.0-4-gdea44cf6ec (webtiles) character file.

Game seed: 6821869380931840759

88713 qw the Severer (level 14, -8/103 (126) HPs)
             Began as a Minotaur Fighter on Sept 6, 2022.
             Was the Champion of Ru.
             Killed by divine providence
             ... invoked by an orc priest
              (10 damage)
             ... while paralysed by an orc sorcerer
             ... on level 2 of the Orcish Mines.
             The game lasted 00:10:21 (27424 turns).

qw the Severer (Minotaur Fighter)                  Turns: 27424, Time: 00:10:21

HP:   -8/103 (126)  AC: 27    Str: 29    XL:     14   Next: 47%
MP:   13/13         EV:  2    Int:  5    God:    Ru [******]
Gold: 1598          SH:  0    Dex: 13    Spells: 13/13 levels left

rFire   . . .      SeeInvis +   a - +1 broad axe "Ceco Joy" {drain, rC- rN+++ Str+4}
rCold   x . .      Faith    .   e - +0 kite shield
rNeg    + + +      Spirit   .   b - +0 plate armour of the Bulwark {rPois Dex+2}
rPois   +          Reflect  .   f - +2 hat
rElec   .          Harm     .   o - +2 cloak {rPois}
rCorr   .          Rampage  .   r - +2 pair of gloves
Will    +....                   u - +2 pair of boots
Stlth   ..........              (no amulet)
HPRegen 0.27/turn               k - ring of see invisible
MPRegen 0.13/turn               q - +4 ring of evasion

@: paralysed, heavily drained
A: horns 2, hated by all, inability to train dodging, unskilled 2, inexperienced
1, retaliatory headbutt
a: Renounce Religion, Draw Out Power, Power Leap, Apocalypse


You were on level 2 of the Orcish Mines.
You worshipped Ru.
Ru was exalted by your worship.
You visited 3 branches of the dungeon, and saw 22 of its levels.
You also visited: Ossuary.

You collected 2170 gold pieces.
You spent 572 gold pieces at shops.


Innate Abilities, Weirdness & Mutations

You have a pair of horns on your head.
You are hated by all.
You cannot train Dodging skill.
You are unskilled. (-2 Apt)
You are somewhat inexperienced. (-1 XL)
You reflexively headbutt those who attack you in melee.


   Skills:
 - Level 12.0 Fighting
 - Level 19.0 Axes
 - Level 3.6 Throwing
 + Level 11.1 Armour
   Level 0.0 Dodging
 - Level 13.0 Shields


You had 13 spell levels left.
You didn't know any spells.
Your spell library was empty.

Inventory:

Hand Weapons
 a - the +1 broad axe "Ceco Joy" (weapon) {drain, rC- rN+++ Str+4}
   (You acquired it on level 2 of the Lair of Beasts)

   A truly terrible weapon, it drains the life of any living foe it strikes.
   Str:       It affects your strength (+4).
   rC:        It makes you vulnerable to cold.
   rN:        It renders you almost immune to negative energy.
 j - a -2 demon whip of venom
Missiles
 h - 4 boomerangs (quivered)
Armour
 b - the +0 plate armour of the Bulwark (worn) {rPois Dex+2}
   (You found it on level 7 of the Dungeon)

   Dex:       It affects your dexterity (+2).
   rPois:     It protects you from poison.
 e - a +0 kite shield (worn)
 f - a +2 hat (worn)
 o - a +2 cloak of poison resistance (worn)
 r - a +2 pair of gloves (worn)
 u - a +2 pair of boots (worn)
Jewellery
 k - a ring of see invisible (left hand)
 m - a +4 ring of protection
 q - a +4 ring of evasion (right hand)
Wands
 p - a wand of digging (5)
Scrolls
 s - a scroll of enchant weapon
 t - 10 scrolls of identify
Potions
 d - 3 potions of might
 g - 3 potions of haste
 i - 3 potions of resistance
 l - 12 potions of curing
 n - 2 potions of mutation

Dungeon Overview and Level Annotations

Branches:
Dungeon (15/15)            Temple (0/1) D:5            Lair (5/5) D:11
 Shoals (0/4) Lair:2       Spider (0/4) Lair:3        Slime (0/5) Lair:4
    Orc (2/2) D:12         Vaults (0/5) D:13         Depths (0/4) D:15
Ossuary (visited)
    Elf: Orc:2

Altars:
Cheibriados
Elyvilon
Makhleb
Nemelex Xobeh
Okawaru
Qazlal
Ru
Vehumet
Xom

Shops:
D:7 :   D:13 :*

Annotations:
D:6 1 runed translucent door, qw's ghost, novice MiFi
D:10 2 transporters, qw's ghost, novice GrFi
Lair:1 3 runed translucent doors, qw's ghost, journeyman GrBe
Lair:3 Kirke


Message History

The orc priest hits you but does no damage.
The orc wizard casts a spell at you.
The puff of flame hits you but does no damage.
The orc knight barely misses you.
The orc high priest prays to Beogh.
The orc wizard mumbles some strange words.
The orc wizard flickers and vanishes for a moment.
The orc wizard hits you but does no damage.
The orc priest begins to pray, but is stunned by your conviction!
The orc is stunned by your conviction and fails to attack.
The orc hits you but does no damage.
The orc wizard begins to cast a spell, but is stunned by your conviction!
The orc knight hits you but does no damage.
The orc sorcerer hits you but does no damage.
You redirect the orc wizard's attack!
The orc wizard hits you but does no damage.
The orc hits you with a +0 whip. The orc barely misses you.
The orc priest invokes the aid of Beogh against you.
Beogh smites you!
The orc wizard hits you but does no damage.
The orc wizard gestures at you while chanting.
You resist with almost no effort.
An orc wizard comes into view. It is wielding a +0 dagger.
The orc wizard shouts!
The orc sorcerer mumbles some strange words.
The orc sorcerer's hands start to glow.
The orc sorcerer casts a spell.
The orc wizard completely misses you. The orc hits you but does no damage.
The orc hits you from afar with a +1 trident of protection.
The orc priest begins to pray, but is stunned by your conviction!
The orc wizard gestures at you while chanting.
You resist with almost no effort.
The orc knight hits you with a +0 halberd!
The orc high priest hits you but does no damage.
You redirect the orc wizard's attack!
The orc wizard hits you but does no damage.
The orc wizard begins to cast a spell, but is stunned by your conviction!
The orc priest calls down the wrath of Beogh upon you.
Beogh smites you!
You die...

...............
#.....###........
##################......
#.............# ##....
#8^...8..8..8..
#8...o4o.3.....
o....ooooo.....
#8...4ooooo....
#8...o8@o8..8..
#.....oooo....#
###############


You could see an orc knight (blind), an orc high priest, a sun demon (summoned),
an ice devil (summoned), a chaos spawn (summoned), an orc sorcerer, 2 orc
warriors, 3 orc priests, 4 orc wizards and 7 orcs.

Vanquished Creatures
  A deep elf sorcerer (D:15)
  A dire elephant (D:15)
  8 hydras
  7 boulder beetles
  3 centaur warriors
  6 two-headed ogres
  5 death yaks
  Nergalle (D:11)
  A deep elf knight (D:15)
  A goliath frog (Lair:5)
  8 skeletal warriors
  Lodul (D:12)
  Amaemon (Lair:2)
  A fire crab (shapeshifter) (D:14)
  2 deep elf pyromancers
  An oklob plant (Lair:4)
  A necromancer (D:13)
  2 wolf spiders
  4 orc knights
  2 manticores
  2 orc sorcerers
  2 cyclopes
  6 ugly things (D:15)
  A black mamba (Lair:5)
  28 elephants
  A torpor snail (Lair:1)
  A gargoyle (D:13)
  20 cane toads
  2 efreet
  A rime drake (Lair:5)
  An unseen horror (D:10)
  12 komodo dragons
  2 kobold demonologists (D:11)
  A yaktaur (D:15)
  4 trolls
  A wind drake (Lair:2)
  3 tyrant leeches (Lair:5)
  7 slime creatures
  28 blink frogs
  8 dream sheep
  Sigmund (D:3)
  A culicivora (Lair:3)
  A jumping spider (Lair:3)
  A wraith (D:14)
  A wyvern (D:11)
  A fire elemental (Lair:1)
  49 yaks
  3 hogs
  7 basilisks
  A redback (Lair:3)
  5 wargs
  10 vampire mosquitoes
  2 acid dragons
  15 water moccasins
  A floating eye (shapeshifter) (D:11)
  24 orc warriors
  2 sky beasts (D:6)
  2 ice beasts
  2 black bears
  10 ogres
  11 wolves
  12 centaurs
  A phantom (D:4)
  2 elf zombies (Ossuary)
  3 kobold brigands
  15 bullfrogs
  2 necrophages
  4 scorpions (D:6)
  A two-headed ogre simulacrum (D:11)
  20 killer bees
  An electric eel (Lair:5)
  6 howler monkeys
  6 hounds
  2 centaur zombies (Ossuary)
  2 human zombies (Ossuary)
  A jelly (D:4)
  A gnoll bouda (Orc:1)
  12 orc priests
  Jessica (D:3)
  Ijyb (D:3)
  4 iguanas
  17 orc wizards
  13 hell rats
  A spriggan simulacrum (D:11)
  3 hound zombies (Ossuary)
  3 mummies (Ossuary)
  15 gnolls
  8 adders
  2 naga simulacra (D:11)
  9 river rats (Lair:3)
  An ufetubus (D:5)
  5 adder zombies (Ossuary)
  5 worms
  5 dart slugs
  78 orcs
  5 endoplasms
  3 giant cockroaches
  A gnoll zombie (Ossuary)
  7 goblins
  5 hobgoblins
  11 jackals
  18 kobolds
  6 quokkas
  6 ball pythons
  16 bats
  2 frilled lizards
  3 goblin zombies (Ossuary)
  A hobgoblin zombie (Ossuary)
  2 jackal zombies (Ossuary)
  4 kobold zombies (Ossuary)
  An orc zombie (Ossuary)
  7 quokka zombies (Ossuary)
  6 rats
  2 rat zombies (Ossuary)
  A bush (D:11)
  A fire vortex (Lair:1)
708 creatures vanquished.

Vanquished Creatures (others)
  A deep elf pyromancer (D:15)
  An orange demon (Lair:2)
  A yak (Lair:1)
  A vampire mosquito (Lair:5)
  An orc warrior (Orc:1)
  An orc wizard (D:10)
  An orc (Orc:2)
  78 fungi
  126 plants
211 creatures vanquished.

Grand Total: 919 creatures vanquished

Notes
Turn   | Place    | Note
-------+----------+-------------------------------------------
     0 | D:1      | qw the Minotaur Fighter began the quest for the Orb.
     0 | D:1      | Reached XP level 1. HP: 19/19 MP: 0/0
     0 | D:1      | 0 ||| qw: Version: 0.1-a-108-g9e35731
     0 | D:1      | 0 ||| qw: Game counter: 6335
     0 | D:1      | 0 ||| qw: Always use a shield: true
     0 | D:1      | 0 ||| qw: God list: Ru
     0 | D:1      | 0 ||| qw: Allow faded altars: false
     0 | D:1      | 0 ||| qw: Do Orc after D:15 true
     0 | D:1      | 0 ||| qw: Do second Lair branch before Depths: true
     0 | D:1      | 0 ||| qw: Lair rune preference: random
     0 | D:1      | 0 ||| qw: Plans: Normal
     0 | D:1      | 0 ||| PLANNING D:1-11
    78 | D:1      | Reached skill level 3 in Axes
   201 | D:1      | Reached XP level 2. HP: 26/26 MP: 1/1
   461 | D:1      | 461 ||| Stepping ~*~*~tactically~*~*~ (hiding).
   641 | D:1      | Reached skill level 4 in Axes
   863 | D:1      | 863 ||| DROPPING +0 club.
   918 | D:1      | Found a faded altar of an unknown god.
   992 | D:1      | Reached XP level 3. HP: 26/31 MP: 2/2
  1063 | D:1      | 1063 ||| UPGRADING to +2 hat.
  1068 | D:1      | 1068 ||| DROPPING scarf of harm.
  1069 | D:1      | 1069 ||| READING scroll labelled FUOPHAU REYMOI.
  1070 | D:1      | 1070 ||| READING scroll labelled FYNNAL DEGGOFI.
  1075 | D:1      | 1075 ||| READING scroll labelled AFFIRI DIHOKK.
  1176 | D:1      | 1176 ||| DRINKING 2 bubbling brown potions.
  1177 | D:1      | 1177 ||| DRINKING 2 red potions.
  1178 | D:1      | 1178 ||| DROPPING potion of attraction.
  1179 | D:1      | 1179 ||| DROPPING potion of degeneration.
  1265 | D:2      | Identified the +0 leather armour of Happiness {-Tele rF+
                  | rN+}
  1368 | D:2      | 1368 ||| Stepping ~*~*~tactically~*~*~ (stealth).
  1470 | D:2      | Reached skill level 5 in Axes
  1492 | D:2      | 1492 ||| Stepping ~*~*~tactically~*~*~ (stealth).
  1499 | D:2      | Reached XP level 4. HP: 32/39 MP: 3/3
  1527 | D:2      | 1527 ||| FLEEEEING.
  1528 | D:2      | 1528 ||| FLEEEEING.
  1529 | D:2      | 1529 ||| FLEEEEING.
  1554 | D:2      | Reached skill level 1 in Dodging
  1654 | D:2      | 1654 ||| DROPPING +0 whip of freezing.
  2111 | D:2      | 2111 ||| READING 2 scrolls labelled ASMULA OFUAFES.
  2112 | D:2      | 2112 ||| DRINKING 2 viscous sapphire potions.
  2217 | D:2      | 2217 ||| DROPPING scroll of magic mapping.
  2218 | D:2      | 2218 ||| DROPPING potion of berserk rage.
  2268 | D:3      | 2268 ||| STAIRDANCE
  2272 | D:3      | 2272 ||| STAIRDANCE
  2317 | D:3      | 2317 ||| STAIRDANCE
  2322 | D:3      | 2322 ||| STAIRDANCE
  2409 | D:3      | 2409 ||| Stepping ~*~*~tactically~*~*~ (stealth).
  2410 | D:3      | 2410 ||| Stepping ~*~*~tactically~*~*~ (stealth).
  2415 | D:3      | Noticed Ijyb
  2424 | D:3      | Killed Ijyb
  2425 | D:3      | Reached skill level 6 in Axes
  2425 | D:3      | Reached XP level 5. HP: 42/45 MP: 4/4
  2769 | D:3      | Noticed Sigmund
  2776 | D:3      | Killed Sigmund
  2777 | D:3      | Reached skill level 8 in Axes
  2777 | D:3      | Reached XP level 6. HP: 29/51 MP: 5/5
  2928 | D:3      | Noticed Jessica
  2933 | D:3      | Killed Jessica
  3078 | D:3      | 3078 ||| READING scroll labelled IBIAGAA WAHY.
  3079 | D:3      | 3079 ||| READING scroll labelled UHASAIMM JOVUTT.
  3080 | D:3      | 3080 ||| READING scroll labelled RAWNUMNO PIMI.
  3081 | D:3      | 3081 ||| DRINKING 2 pink potions.
  3130 | D:3      | 3130 ||| DRINKING 2 fuming sapphire potions.
  3131 | D:3      | 3131 ||| DROPPING potion of lignification.
  3167 | D:4      | 3167 ||| STAIRDANCE
  3194 | D:4      | Found the +7 staff of the Meek {protect, meekguard}
  3202 | D:4      | 3202 ||| Stepping ~*~*~tactically~*~*~ (stealth).
  3203 | D:4      | 3203 ||| Stepping ~*~*~tactically~*~*~ (stealth).
  3240 | D:4      | 3240 ||| Stepping ~*~*~tactically~*~*~ (hiding).
  3241 | D:4      | 3241 ||| Stepping ~*~*~tactically~*~*~ (hiding).
  3254 | D:4      | 3254 ||| Stepping ~*~*~tactically~*~*~ (stealth).
  3257 | D:4      | 3257 ||| Stepping ~*~*~tactically~*~*~ (stealth).
  3421 | D:4      | 3421 ||| Stepping ~*~*~tactically~*~*~ (stealth).
  3425 | D:4      | 3425 ||| Stepping ~*~*~tactically~*~*~ (stealth).
  3446 | D:4      | Reached XP level 7. HP: 59/59 MP: 6/6
  3519 | D:4      | Reached skill level 9 in Axes
  3752 | D:4      | 3752 ||| Stepping ~*~*~tactically~*~*~ (stealth).
  3863 | D:4      | 3863 ||| DROPPING +0 mace of draining.
  3902 | D:4      | 3902 ||| Stepping ~*~*~tactically~*~*~ (hiding).
  4196 | D:4      | 4196 ||| UPGRADING to ring of resist corrosion.
  4197 | D:4      | 4197 ||| READING scroll labelled XYUXAI MANNA.
  4198 | D:4      | 4198 ||| READING scroll labelled FERHIA XOUSUTE.
  4199 | D:4      | 4199 ||| READING scroll labelled DIUMAA JAMUZO.
  4200 | D:4      | 4200 ||| DRINKING 2 blue potions.
  4201 | D:4      | 4201 ||| DROPPING potion of invisibility.
  4202 | D:4      | 4202 ||| READING scroll of teleportation.
  4244 | D:5      | Entered Level 5 of the Dungeon
  4412 | D:5      | 4412 ||| Stepping ~*~*~tactically~*~*~ (stealth).
  4438 | D:5      | 4438 ||| Stepping ~*~*~tactically~*~*~ (hiding).
  4761 | D:5      | Found a staircase to the Ecumenical Temple.
  5050 | D:5      | 5050 ||| Stepping ~*~*~tactically~*~*~ (stealth).
  5051 | D:5      | 5051 ||| Stepping ~*~*~tactically~*~*~ (stealth).
  5291 | D:5      | 5291 ||| DROPPING +0 leather armour of Happiness {-Tele rF+
                  | rN+}.
  5292 | D:5      | 5292 ||| UPGRADING to +0 chain mail.
  5302 | D:5      | 5302 ||| DROPPING +0 scale mail.
  5303 | D:5      | 5303 ||| UPGRADING to +0 pair of boots.
  5308 | D:5      | 5308 ||| UPGRADING to +4 ring of evasion.
  5349 | D:6      | Reached skill level 10 in Axes
  5351 | D:6      | Found a runed translucent door.
  5503 | D:6      | Reached XP level 8. HP: 69/69 MP: 7/7
  5587 | D:6      | Found a sacrificial altar of Ru.
  5595 | D:6      | Became a worshipper of Ru the Awakened
  5602 | D:6      | Found a sparkling altar of Nemelex Xobeh.
  5604 | D:6      | Found a radiant altar of Vehumet.
  5620 | D:6      | Found a white marble altar of Elyvilon.
  5623 | D:6      | Found a snail-covered altar of Cheibriados.
  5647 | D:6      | 5647 ||| Stepping ~*~*~tactically~*~*~ (hiding).
  5649 | D:6      | 5649 ||| Stepping ~*~*~tactically~*~*~ (stealth).
  5664 | D:6      | 5664 ||| Stepping ~*~*~tactically~*~*~ (stealth).
  5711 | D:6      | 5711 ||| Stepping ~*~*~tactically~*~*~ (hiding).
  5712 | D:6      | Found a burning altar of Makhleb.
  5844 | D:6      | Found a shimmering altar of Xom.
  5844 | D:6      | Noticed qw's ghost (novice MiFi)
  5844 | D:6      | Noticed a +0 hand axe of chaos
  5918 | D:6      | 5918 ||| DRINKING 3 fizzy yellow potions.
  5919 | D:6      | 5919 ||| DRINKING 2 coppery potions.
  5920 | D:6      | 5920 ||| READING 2 scrolls of identify.
  5920 | D:6      | 5920 ||| IDENTIFYING murky silvery potion
  5921 | D:6      | 5921 ||| DROPPING potion of magic.
  5922 | D:6      | 5922 ||| DROPPING potion of flight.
  6033 | D:6      | 6033 ||| STAIRDANCE
  6079 | D:6      | 6079 ||| STAIRDANCE
  6130 | D:6      | 6130 ||| STAIRDANCE
  6134 | D:5      | Reached skill level 6 in Fighting
  6136 | D:6      | 6136 ||| STAIRDANCE
  6190 | D:6      | 6190 ||| STAIRDANCE
  6270 | D:6      | Reached skill level 11 in Axes
  6301 | D:6      | 6301 ||| DROPPING -2 mace of distortion.
  6305 | D:6      | 6305 ||| DROPPING +0 flail.
  6712 | D:6      | 6712 ||| READING 2 scrolls of identify.
  6712 | D:6      | 6712 ||| IDENTIFYING grey potion
  6787 | D:7      | 6787 ||| FLEEEEING.
  6790 | D:7      | 6790 ||| STAIRDANCE
  6969 | D:7      | Reached XP level 9. HP: 75/75 MP: 8/8
  6975 | D:7      | Reached skill level 12 in Axes
  7371 | D:7      | 7371 ||| INVOKING Sacrifice Skill.
  7371 | D:7      | Gained mutation: You are somewhat unskilled. (-1 Apt) [Ru
                  | sacrifice]
  7371 | D:7      | Reduced skill Fighting to level 6
  7371 | D:7      | Reduced skill Axes to level 11
  7371 | D:7      | Reduced skill Armour to level 3
  7371 | D:7      | Reached * piety under Ru
  7403 | D:7      | 7403 ||| READING scroll of enchant armour.
  7403 | D:7      | 7403 ||| ENCHANTING +0 pair of boots.
  7405 | D:7      | Found Juosha's Book Shoppe.
  7496 | D:7      | 7496 ||| FLEEEEING.
  7497 | D:7      | 7497 ||| FLEEEEING.
  7498 | D:7      | 7498 ||| FLEEEEING.
  7501 | D:7      | 7501 ||| STAIRDANCE
  7531 | D:6      | 7531 ||| READING scroll labelled GIGEEW PASSAKH.
  7532 | D:6      | 7532 ||| READING scroll labelled AMESUN ULUPT.
  7533 | D:6      | 7533 ||| READING scroll labelled VIXZEKY SOKKE.
  7597 | D:7      | Identified the +0 plate armour of the Bulwark {rPois Dex+2}
  8024 | D:7      | 8024 ||| UPGRADING to +0 plate armour of the Bulwark {rPois
                  | Dex+2}.
  8034 | D:7      | 8034 ||| DROPPING +0 chain mail.
  8086 | D:8      | 8086 ||| PLANNING OSSUARY
  8108 | D:8      | Reached skill level 12 in Axes
  8184 | D:8      | 8184 ||| Stepping ~*~*~tactically~*~*~ (stealth).
  8254 | D:8      | Found a sand-covered staircase.
  8255 | D:8      | 8255 ||| DROPPING scarf of invisibility.
  8265 | Ossuary  | Entered an ossuary
  8291 | Ossuary  | 8291 ||| Stepping ~*~*~tactically~*~*~ (stealth).
  8296 | Ossuary  | 8296 ||| Stepping ~*~*~tactically~*~*~ (stealth).
  8396 | Ossuary  | 8396 ||| Stepping ~*~*~tactically~*~*~ (stealth).
  8438 | Ossuary  | 8438 ||| Stepping ~*~*~tactically~*~*~ (stealth).
  8440 | Ossuary  | 8440 ||| Stepping ~*~*~tactically~*~*~ (stealth).
  8454 | Ossuary  | 8454 ||| Stepping ~*~*~tactically~*~*~ (stealth).
  8470 | Ossuary  | 8470 ||| Stepping ~*~*~tactically~*~*~ (stealth).
  8483 | Ossuary  | Reached skill level 6 in Armour
  8574 | Ossuary  | 8574 ||| READING 2 scrolls of identify.
  8574 | Ossuary  | 8574 ||| IDENTIFYING bubbling inky potion
  8585 | D:8      | 8585 ||| PLANNING D:1-11
  8656 | D:8      | 8656 ||| Stepping ~*~*~tactically~*~*~ (stealth).
  8658 | D:8      | 8658 ||| Stepping ~*~*~tactically~*~*~ (stealth).
  9028 | D:8      | Found a hazy altar of Hepliaklqana.
  9091 | D:8      | Noticed a two-headed ogre
  9106 | D:8      | Killed a two-headed ogre
  9107 | D:8      | Reached skill level 13 in Axes
  9107 | D:8      | Reached XP level 10. HP: 32/86 MP: 9/9
  9480 | D:8      | 9480 ||| UPGRADING to +2 cloak of poison resistance.
  9485 | D:8      | 9485 ||| READING scroll labelled REFUEJ MAIDUM.
  9657 | D:8      | 9657 ||| READING scroll labelled XAXTIEMIWA.
  9658 | D:8      | 9658 ||| READING 2 scrolls of identify.
  9658 | D:8      | 9658 ||| IDENTIFYING white potion
  9659 | D:8      | 9659 ||| DROPPING potion of brilliance.
  9797 | D:9      | 9797 ||| INVOKING Sacrifice Nimbleness.
  9797 | D:9      | Gained mutation: You cannot train Dodging skill. [Ru
                  | sacrifice]
  9797 | D:9      | Reached ** piety under Ru
  9983 | D:9      | 9983 ||| Stepping ~*~*~tactically~*~*~ (stealth).
 10311 | D:9      | 10311 ||| READING scroll labelled FULARIAZOI.
 10312 | D:9      | 10312 ||| READING 2 scrolls of identify.
 10312 | D:9      | 10312 ||| IDENTIFYING fuming emerald potion
 10330 | D:10     | Entered Level 10 of the Dungeon
 10330 | D:10     | Found a transporter.
 10348 | D:10     | Found a transporter.
 10354 | D:10     | Noticed a moth of wrath
 10355 | D:10     | Noticed qw's ghost (novice GrFi)
 10358 | D:10     | Noticed a wolf spider
 10508 | D:10     | Noticed a two-headed ogre
 10515 | D:10     | Killed a two-headed ogre
 10743 | D:10     | Reached skill level 14 in Axes
 10893 | D:10     | Found a stormy altar of Qazlal.
 11031 | D:10     | 11031 ||| READING 3 scrolls labelled LUODIW AQUSE.
 11032 | D:10     | 11032 ||| READING 2 scrolls of identify.
 11032 | D:10     | 11032 ||| IDENTIFYING clear potion
 11033 | D:10     | 11033 ||| DROPPING potion of ambrosia.
 11034 | D:10     | 11034 ||| DROPPING 2 scrolls of blinking.
 11067 | D:11     | Noticed a smoke demon
 11070 | D:11     | Noticed a rust devil
 11072 | D:11     | 11072 ||| Stepping ~*~*~tactically~*~*~ (hiding).
 11079 | D:11     | Noticed an orange demon
 11083 | D:11     | Noticed Nergalle
 11099 | D:11     | Reached XP level 11. HP: 65/94 MP: 10/10
 11125 | D:11     | Killed Nergalle
 11154 | D:11     | 11154 ||| FLEEEEING.
 11155 | D:11     | 11155 ||| FLEEEEING.
 11165 | D:11     | 11165 ||| STAIRDANCE
 11375 | D:11     | 11375 ||| FLEEEEING.
 11432 | D:11     | 11432 ||| Stepping ~*~*~tactically~*~*~ (stealth).
 11474 | D:11     | Reached skill level 15 in Axes
 11474 | D:11     | HP: 15/94 [orc warrior/+0 trident (10)]
 11475 | D:11     | 11475 ||| READING 5 scrolls of teleportation.
 11476 | D:11     | 11476 ||| DRINKING 2 potions of heal wounds.
 11810 | D:11     | 11810 ||| Stepping ~*~*~tactically~*~*~ (stealth).
 11812 | D:11     | 11812 ||| Stepping ~*~*~tactically~*~*~ (stealth).
 11862 | D:11     | Found a staircase to the Lair.
 11864 | D:11     | Noticed a boulder beetle
 11884 | D:11     | HP: 6/95 [boulder beetle (19)]
 11885 | D:11     | 11885 ||| READING 4 scrolls of teleportation.
 11886 | D:11     | 11886 ||| DRINKING potion of heal wounds.
 11889 | D:11     | HP: 9/95 [boulder beetle (17)]
 12000 | D:11     | HP: 21/95 [orc warrior/+0 trident (9)]
 12001 | D:11     | 12001 ||| READING 3 scrolls of teleportation.
 12005 | D:11     | Reached skill level 9 in Fighting
 12098 | D:11     | HP: 24/97 [boulder beetle (10)]
 12099 | D:11     | 12099 ||| READING 2 scrolls of teleportation.
 12117 | D:11     | HP: 9/97 [boulder beetle (20)]
 12118 | D:11     | 12118 ||| READING scroll of teleportation.
 12125 | D:11     | HP: 7/97 [boulder beetle (4)]
 12128 | D:11     | Killed a boulder beetle
 12619 | D:11     | 12619 ||| Stepping ~*~*~tactically~*~*~ (stealth).
 12630 | D:11     | 12630 ||| FLEEEEING.
 12631 | D:11     | 12631 ||| FLEEEEING.
 12632 | D:11     | 12632 ||| FLEEEEING.
 12633 | D:11     | 12633 ||| FLEEEEING.
 12634 | D:11     | 12634 ||| FLEEEEING.
 12635 | D:11     | 12635 ||| FLEEEEING.
 12636 | D:11     | 12636 ||| FLEEEEING.
 12638 | D:11     | 12638 ||| FLEEEEING.
 12640 | D:11     | 12640 ||| FLEEEEING.
 12643 | D:11     | 12643 ||| FLEEEEING.
 12881 | D:11     | 12881 ||| INVOKING Sacrifice Love.
 12881 | D:11     | Gained mutation: You are hated by all. [Ru sacrifice]
 12881 | D:11     | Reached *** piety under Ru
 12881 | D:11     | Reached **** piety under Ru
 12898 | D:11     | 12898 ||| PLANNING LAIR
 12898 | D:11     | 12898 ||| UPGRADING to +0 kite shield.
 12908 | D:11     | 12908 ||| DROPPING +0 buckler.
 12909 | D:11     | 12909 ||| DROPPING scarf of invisibility.
 12980 | Lair:1   | Entered Level 1 of the Lair of Beasts
 13044 | Lair:1   | Noticed a six-headed hydra
 13047 | Lair:1   | 13047 ||| SWAPPING to -3 morningstar.
 13057 | Lair:1   | Killed a six-headed hydra
 13058 | Lair:1   | Reached skill level 6 in Shields
 13058 | Lair:1   | 13058 ||| SWAPPING to +1 vorpal war axe.
 13530 | Lair:1   | 13530 ||| Stepping ~*~*~tactically~*~*~ (stealth).
 13532 | Lair:1   | 13532 ||| Stepping ~*~*~tactically~*~*~ (stealth).
 13538 | Lair:1   | 13538 ||| Stepping ~*~*~tactically~*~*~ (stealth).
 13543 | Lair:1   | 13543 ||| Stepping ~*~*~tactically~*~*~ (stealth).
 13577 | Lair:1   | Reached skill level 9 in Shields
 13987 | Lair:1   | Reached XP level 12. HP: 90/104 MP: 11/11
 14278 | Lair:1   | Found a runed translucent gate.
 14279 | Lair:1   | Found a runed translucent gate.
 14280 | Lair:1   | Found a runed translucent gate.
 14282 | Lair:1   | Noticed qw's ghost (journeyman GrBe)
 14282 | Lair:1   | Noticed an eight-headed hydra
 14485 | Lair:2   | 14485 ||| STAIRDANCE
 14575 | Lair:2   | 14575 ||| STAIRDANCE
 14701 | Lair:2   | 14701 ||| STAIRDANCE
 14800 | Lair:2   | 14800 ||| STAIRDANCE
 15029 | Lair:2   | Noticed a four-headed hydra
 15032 | Lair:2   | Identified a scroll of acquirement
 15033 | Lair:2   | 15033 ||| SWAPPING to -3 morningstar.
 15039 | Lair:2   | Killed a four-headed hydra
 15040 | Lair:2   | Reached skill level 3 in Throwing
 15040 | Lair:2   | 15040 ||| SWAPPING to +1 vorpal war axe.
 15071 | Lair:2   | Noticed Amaemon
 15082 | Lair:2   | Killed Amaemon
 15083 | Lair:2   | Reached skill level 16 in Axes
 15129 | Lair:2   | 15129 ||| DROPPING -3 morningstar.
 15141 | Lair:2   | 15141 ||| READING scroll of acquirement.
 15141 | Lair:2   | 15141 ||| ACQUIRING +1 broad axe "Ceco Joy" {drain, rC-
                  | rN+++ Str+4}
 15141 | Lair:2   | Acquired the +1 broad axe "Ceco Joy" {drain, rC- rN+++
                  | Str+4}
 15143 | Lair:2   | 15143 ||| SWAPPING to +1 broad axe "Ceco Joy" {drain, rC-
                  | rN+++ Str+4}.
 15144 | Lair:2   | 15144 ||| DROPPING +1 vorpal war axe.
 15339 | Lair:2   | You fall into a shaft and drop 2 floors!
 15446 | Lair:4   | Noticed a boulder beetle
 15456 | Lair:4   | Killed a boulder beetle
 15671 | Lair:4   | 15671 ||| Stepping ~*~*~tactically~*~*~ (stealth).
 15673 | Lair:4   | 15673 ||| Stepping ~*~*~tactically~*~*~ (stealth).
 15676 | Lair:4   | 15676 ||| Stepping ~*~*~tactically~*~*~ (stealth).
 15677 | Lair:4   | 15677 ||| Stepping ~*~*~tactically~*~*~ (stealth).
 15684 | Lair:4   | 15684 ||| Stepping ~*~*~tactically~*~*~ (stealth).
 15772 | Lair:4   | 15772 ||| UPGRADING to ring of see invisible.
 15774 | Lair:4   | 15774 ||| DROPPING ring of resist corrosion.
 15788 | Lair:4   | Noticed a five-headed hydra
 15792 | Lair:4   | Reached skill level 17 in Axes
 15794 | Lair:4   | 15794 ||| SWAPPING to -2 demon whip of venom.
 15797 | Lair:4   | 15797 ||| Stepping ~*~*~tactically~*~*~ (outnumbered).
 15798 | Lair:4   | HP: 24/104 [five-headed hydra (12)]
 15799 | Lair:4   | 15799 ||| READING 4 scrolls of teleportation.
 15799 | Lair:4   | HP: 10/104 [five-headed hydra (9)]
 15800 | Lair:4   | 15800 ||| INVOKING Draw Out Power.
 15801 | Lair:4   | 15801 ||| Stepping ~*~*~tactically~*~*~ (outnumbered).
 15802 | Lair:4   | 15802 ||| Stepping ~*~*~tactically~*~*~ (outnumbered).
 15804 | Lair:4   | 15804 ||| SWAPPING to +1 broad axe "Ceco Joy" {drain, rC-
                  | rN+++ Str+4}.
 15808 | Lair:4   | 15808 ||| READING 3 scrolls of teleportation.
 15810 | Lair:4   | HP: 23/100 [hog[Kirke] (1)]
 15913 | Lair:4   | 15913 ||| Stepping ~*~*~tactically~*~*~ (stealth).
 15915 | Lair:4   | 15915 ||| Stepping ~*~*~tactically~*~*~ (stealth).
 15916 | Lair:4   | 15916 ||| Stepping ~*~*~tactically~*~*~ (stealth).
 16136 | Lair:4   | 16136 ||| INVOKING Sacrifice Experience.
 16136 | Lair:4   | Gained mutation: You are somewhat inexperienced. (-1 XL)
                  | [Ru sacrifice]
 16136 | Lair:4   | Reached XP level 11. HP: 96/96 MP: 10/10
 16136 | Lair:4   | Reached ***** piety under Ru
 16216 | Lair:3   | 16216 ||| STAIRDANCE
 16217 | Lair:2   | Found a staircase to the Shoals.
 16272 | Lair:2   | 16272 ||| INVOKING Apocalypse.
 16669 | Lair:2   | 16669 ||| Stepping ~*~*~tactically~*~*~ (stealth).
 16690 | Lair:2   | 16690 ||| Stepping ~*~*~tactically~*~*~ (stealth).
 16859 | Lair:3   | 16859 ||| STAIRDANCE
 16941 | Lair:3   | 16941 ||| READING scroll of enchant armour.
 16941 | Lair:3   | 16941 ||| ENCHANTING +1 pair of boots.
 16964 | Lair:3   | Noticed a four-headed hydra
 16965 | Lair:3   | 16965 ||| INVOKING Apocalypse.
 16965 | Lair:3   | Killed a four-headed hydra
 16966 | Lair:3   | Reached skill level 9 in Armour
 17146 | Lair:3   | 17146 ||| Stepping ~*~*~tactically~*~*~ (stealth).
 17152 | Lair:3   | Reached XP level 12. HP: 90/101 MP: 11/11
 17152 | Lair:3   | 17152 ||| Stepping ~*~*~tactically~*~*~ (stealth).
 17153 | Lair:3   | 17153 ||| Stepping ~*~*~tactically~*~*~ (stealth).
 17154 | Lair:3   | 17154 ||| Stepping ~*~*~tactically~*~*~ (stealth).
 17155 | Lair:3   | 17155 ||| Stepping ~*~*~tactically~*~*~ (stealth).
 17178 | Lair:3   | 17178 ||| Stepping ~*~*~tactically~*~*~ (stealth).
 17288 | Lair:3   | 17288 ||| Stepping ~*~*~tactically~*~*~ (stealth).
 17289 | Lair:3   | 17289 ||| INVOKING Apocalypse.
 17569 | Lair:3   | 17569 ||| Stepping ~*~*~tactically~*~*~ (stealth).
 17611 | Lair:3   | 17611 ||| Stepping ~*~*~tactically~*~*~ (stealth).
 17617 | Lair:3   | 17617 ||| Stepping ~*~*~tactically~*~*~ (stealth).
 17674 | Lair:3   | 17674 ||| Stepping ~*~*~tactically~*~*~ (stealth).
 17806 | Lair:3   | 17806 ||| Stepping ~*~*~tactically~*~*~ (stealth).
 17817 | Lair:3   | 17817 ||| Stepping ~*~*~tactically~*~*~ (stealth).
 18055 | Lair:3   | Found a hole to the Spider Nest.
 18165 | Lair:4   | Noticed Kirke
 18167 | Lair:4   | 18167 ||| INVOKING Apocalypse.
 18168 | Lair:4   | 18168 ||| FLEEEEING.
 18169 | Lair:4   | 18169 ||| STAIRDANCE
 18235 | Lair:4   | 18235 ||| STAIRDANCE
 18248 | Lair:4   | 18248 ||| STAIRDANCE
 18270 | Lair:3   | HP: 15/90 [Kirke (10)]
 18271 | Lair:3   | 18271 ||| READING 2 scrolls of teleportation.
 18272 | Lair:3   | 18272 ||| INVOKING Draw Out Power.
 18582 | Lair:4   | Found a staircase to the Slime Pits.
 18724 | Lair:4   | 18724 ||| Stepping ~*~*~tactically~*~*~ (stealth).
 18728 | Lair:4   | 18728 ||| Stepping ~*~*~tactically~*~*~ (stealth).
 18732 | Lair:4   | 18732 ||| Stepping ~*~*~tactically~*~*~ (stealth).
 18740 | Lair:4   | Reached skill level 18 in Axes
 18757 | Lair:4   | 18757 ||| SWAPPING to -2 demon whip of venom.
 18770 | Lair:4   | 18770 ||| SWAPPING to +1 broad axe "Ceco Joy" {drain, rC-
                  | rN+++ Str+4}.
 19184 | Lair:5   | Entered Level 5 of the Lair of Beasts
 19185 | Lair:5   | 19185 ||| STAIRDANCE
 19231 | Lair:5   | 19231 ||| FLEEEEING.
 19232 | Lair:5   | 19232 ||| STAIRDANCE
 19343 | Lair:5   | 19343 ||| INVOKING Apocalypse.
 19350 | Lair:5   | 19350 ||| SWAPPING to -2 demon whip of venom.
 19354 | Lair:5   | 19354 ||| SWAPPING to +1 broad axe "Ceco Joy" {drain, rC-
                  | rN+++ Str+4}.
 19380 | Lair:5   | 19380 ||| Stepping ~*~*~tactically~*~*~ (water).
 19413 | Lair:5   | 19413 ||| INVOKING Apocalypse.
 19427 | Lair:5   | HP: 21/100 [death yak (9)]
 19428 | Lair:5   | 19428 ||| READING scroll of teleportation.
 19434 | Lair:5   | 19434 ||| FLEEEEING.
 19435 | Lair:5   | 19435 ||| FLEEEEING.
 19436 | Lair:5   | 19436 ||| FLEEEEING.
 19437 | Lair:5   | 19437 ||| FLEEEEING.
 19438 | Lair:5   | 19438 ||| FLEEEEING.
 19441 | Lair:5   | HP: 22/107 [water moccasin (2)]
 19446 | Lair:5   | HP: 15/109 [poisoned by a water moccasin]
 19448 | Lair:5   | 19448 ||| STAIRDANCE
 19797 | Lair:4   | 19797 ||| INVOKING Sacrifice Skill.
 19797 | Lair:4   | Gained mutation: You are unskilled. (-2 Apt) [Ru sacrifice]
 19797 | Lair:4   | Reduced skill Axes to level 17
 19797 | Lair:4   | Reduced skill Throwing to level 3
 19797 | Lair:4   | Reached ****** piety under Ru
 19798 | Lair:4   | 19798 ||| UPGRADING to +0 pair of gloves.
 19805 | Lair:5   | 19805 ||| STAIRDANCE
 19862 | Lair:5   | 19862 ||| STAIRDANCE
 19867 | Lair:5   | 19867 ||| INVOKING Apocalypse.
 19868 | Lair:5   | Reached skill level 9 in Armour
 19868 | Lair:5   | 19868 ||| STAIRDANCE
 19935 | Lair:5   | 19935 ||| STAIRDANCE
 19937 | Lair:4   | 19937 ||| INVOKING Apocalypse.
 19988 | Lair:4   | 19988 ||| Stepping ~*~*~tactically~*~*~ (stealth).
 19989 | Lair:4   | 19989 ||| Stepping ~*~*~tactically~*~*~ (stealth).
 19990 | Lair:4   | 19990 ||| Stepping ~*~*~tactically~*~*~ (stealth).
 19994 | Lair:4   | 19994 ||| SWAPPING to -2 demon whip of venom.
 20007 | Lair:4   | 20007 ||| SWAPPING to +1 broad axe "Ceco Joy" {drain, rC-
                  | rN+++ Str+4}.
 20086 | Lair:5   | 20086 ||| STAIRDANCE
 20106 | Lair:5   | 20106 ||| STAIRDANCE
 20182 | Lair:5   | Reached XP level 13. HP: 104/105 MP: 12/12
 20330 | Lair:5   | 20330 ||| INVOKING Apocalypse.
 20469 | Lair:5   | Reached skill level 18 in Axes
 20629 | Lair:5   | 20629 ||| Stepping ~*~*~tactically~*~*~ (stealth).
 20744 | Lair:5   | 20744 ||| Stepping ~*~*~tactically~*~*~ (hiding).
 20801 | Lair:5   | 20801 ||| Stepping ~*~*~tactically~*~*~ (stealth).
 20805 | Lair:5   | 20805 ||| Stepping ~*~*~tactically~*~*~ (stealth).
 20806 | Lair:5   | 20806 ||| Stepping ~*~*~tactically~*~*~ (stealth).
 20809 | Lair:5   | 20809 ||| Stepping ~*~*~tactically~*~*~ (stealth).
 20814 | Lair:5   | 20814 ||| Stepping ~*~*~tactically~*~*~ (stealth).
 20924 | Lair:5   | 20924 ||| INVOKING Apocalypse.
 20999 | Lair:5   | 20999 ||| Stepping ~*~*~tactically~*~*~ (stealth).
 21000 | Lair:5   | 21000 ||| Stepping ~*~*~tactically~*~*~ (stealth).
 21450 | Lair:5   | 21450 ||| PLANNING D
 21510 | Lair:3   | 21510 ||| Stepping ~*~*~tactically~*~*~ (stealth).
 21516 | Lair:3   | 21516 ||| STAIRDANCE
 21793 | D:12     | Found a staircase to the Orcish Mines.
 21794 | D:12     | 21794 ||| Stepping ~*~*~tactically~*~*~ (stealth).
 21796 | D:12     | 21796 ||| Stepping ~*~*~tactically~*~*~ (stealth).
 21797 | D:12     | 21797 ||| Stepping ~*~*~tactically~*~*~ (stealth).
 22057 | D:12     | Noticed Lodul
 22058 | D:12     | 22058 ||| INVOKING Apocalypse.
 22059 | D:12     | 22059 ||| FLEEEEING.
 22060 | D:12     | 22060 ||| FLEEEEING.
 22061 | D:12     | 22061 ||| FLEEEEING.
 22062 | D:12     | 22062 ||| FLEEEEING.
 22063 | D:12     | 22063 ||| FLEEEEING.
 22064 | D:12     | 22064 ||| FLEEEEING.
 22065 | D:12     | 22065 ||| FLEEEEING.
 22066 | D:12     | 22066 ||| FLEEEEING.
 22069 | D:12     | 22069 ||| FLEEEEING.
 22070 | D:12     | 22070 ||| FLEEEEING.
 22071 | D:12     | 22071 ||| FLEEEEING.
 22072 | D:12     | 22072 ||| FLEEEEING.
 22073 | D:12     | 22073 ||| FLEEEEING.
 22074 | D:12     | 22074 ||| FLEEEEING.
 22075 | D:12     | 22075 ||| FLEEEEING.
 22076 | D:12     | 22076 ||| FLEEEEING.
 22077 | D:12     | 22077 ||| FLEEEEING.
 22078 | D:12     | 22078 ||| FLEEEEING.
 22079 | D:12     | 22079 ||| FLEEEEING.
 22080 | D:12     | 22080 ||| FLEEEEING.
 22081 | D:12     | 22081 ||| FLEEEEING.
 22082 | D:12     | 22082 ||| FLEEEEING.
 22083 | D:12     | 22083 ||| FLEEEEING.
 22084 | D:12     | 22084 ||| FLEEEEING.
 22085 | D:12     | 22085 ||| FLEEEEING.
 22086 | D:12     | 22086 ||| FLEEEEING.
 22087 | D:12     | 22087 ||| FLEEEEING.
 22100 | D:12     | 22100 ||| FLEEEEING.
 22108 | D:12     | Killed Lodul
 22161 | D:12     | 22161 ||| Stepping ~*~*~tactically~*~*~ (stealth).
 22300 | D:12     | 22300 ||| Stepping ~*~*~tactically~*~*~ (hiding).
 22304 | D:12     | 22304 ||| Stepping ~*~*~tactically~*~*~ (hiding).
 22305 | D:12     | 22305 ||| Stepping ~*~*~tactically~*~*~ (hiding).
 22394 | D:12     | 22394 ||| Stepping ~*~*~tactically~*~*~ (stealth).
 22416 | D:12     | 22416 ||| SWAPPING to -2 demon whip of venom.
 22425 | D:12     | 22425 ||| SWAPPING to +1 broad axe "Ceco Joy" {drain, rC-
                  | rN+++ Str+4}.
 22525 | D:12     | 22525 ||| FLEEEEING.
 22526 | D:12     | 22526 ||| FLEEEEING.
 22705 | D:12     | 22705 ||| Stepping ~*~*~tactically~*~*~ (stealth).
 22744 | D:12     | 22744 ||| Stepping ~*~*~tactically~*~*~ (hiding).
 22993 | D:13     | Found Mido's General Store.
 23064 | D:13     | 23064 ||| BUYING potion of curing (39 gold).
 23064 | D:13     | Bought a potion of curing for 39 gold pieces
 23064 | D:13     | 23064 ||| BUYING potion of mutation (104 gold).
 23064 | D:13     | Bought a potion of mutation for 104 gold pieces
 23064 | D:13     | 23064 ||| BUYING potion of resistance (130 gold).
 23064 | D:13     | Bought a potion of resistance for 130 gold pieces
 23064 | D:13     | 23064 ||| BUYING scroll of identify (26 gold).
 23064 | D:13     | Bought a scroll of identify for 26 gold pieces
 23064 | D:13     | 23064 ||| BUYING wand of digging (5) (273 gold).
 23064 | D:13     | Bought a wand of digging (5) for 273 gold pieces
 23069 | D:13     | 23069 ||| Stepping ~*~*~tactically~*~*~ (hiding).
 23078 | D:13     | 23078 ||| Stepping ~*~*~tactically~*~*~ (stealth).
 23082 | D:13     | 23082 ||| FLEEEEING.
 23083 | D:13     | 23083 ||| FLEEEEING.
 23084 | D:13     | 23084 ||| FLEEEEING.
 23085 | D:13     | 23085 ||| FLEEEEING.
 23086 | D:13     | 23086 ||| FLEEEEING.
 23087 | D:13     | 23087 ||| FLEEEEING.
 23088 | D:13     | 23088 ||| FLEEEEING.
 23089 | D:13     | 23089 ||| FLEEEEING.
 23090 | D:13     | 23090 ||| FLEEEEING.
 23091 | D:13     | 23091 ||| FLEEEEING.
 23092 | D:13     | 23092 ||| FLEEEEING.
 23093 | D:13     | 23093 ||| FLEEEEING.
 23094 | D:13     | 23094 ||| FLEEEEING.
 23095 | D:13     | 23095 ||| FLEEEEING.
 23096 | D:13     | 23096 ||| STAIRDANCE
 23269 | D:13     | 23269 ||| Stepping ~*~*~tactically~*~*~ (stealth).
 23360 | D:13     | 23360 ||| Stepping ~*~*~tactically~*~*~ (hiding).
 23363 | D:13     | 23363 ||| Stepping ~*~*~tactically~*~*~ (hiding).
 23364 | D:13     | 23364 ||| Stepping ~*~*~tactically~*~*~ (hiding).
 23400 | D:13     | You fall into a shaft and drop 2 floors!
 23400 | D:15     | Entered Level 15 of the Dungeon
 23471 | D:15     | 23471 ||| Stepping ~*~*~tactically~*~*~ (stealth).
 23476 | D:15     | 23476 ||| INVOKING Apocalypse.
 23685 | D:15     | 23685 ||| UPGRADING to +2 pair of gloves.
 23695 | D:15     | 23695 ||| DROPPING +0 pair of gloves.
 23716 | D:14     | 23716 ||| INVOKING Apocalypse.
 23718 | D:14     | 23718 ||| SWAPPING to -2 demon whip of venom.
 23724 | D:14     | 23724 ||| SWAPPING to +1 broad axe "Ceco Joy" {drain, rC-
                  | rN+++ Str+4}.
 23791 | D:14     | 23791 ||| Stepping randomly (cloudy).
 23792 | D:14     | 23792 ||| Stepping ~*~*~tactically~*~*~ (cloud).
 23796 | D:14     | 23796 ||| Stepping randomly (cloudy).
 23797 | D:14     | 23797 ||| Stepping ~*~*~tactically~*~*~ (cloud).
 23799 | D:14     | 23799 ||| Stepping randomly (cloudy).
 23800 | D:14     | 23800 ||| Stepping ~*~*~tactically~*~*~ (cloud).
 24024 | D:13     | Found Dunnurop's Vocational Training.
 24063 | D:13     | Reached skill level 19 in Axes
 24092 | D:13     | 24092 ||| INVOKING Apocalypse.
 24341 | D:13     | Found a gate to the Vaults.
 24347 | D:13     | Reached skill level 12 in Shields
 24548 | D:14     | Identified the +8 rapier of Guelomo {pain, Str+2}
 24577 | D:14     | Reached XP level 14. HP: 53/114 MP: 13/13
 25300 | D:14     | Found an iron altar of Okawaru.
 25546 | D:14     | 25546 ||| INVOKING Apocalypse.
 25842 | D:15     | 25842 ||| Stepping ~*~*~tactically~*~*~ (stealth).
 26166 | D:15     | Found a staircase to the Depths.
 26437 | D:15     | 26437 ||| Stepping ~*~*~tactically~*~*~ (stealth).
 26490 | D:15     | 26490 ||| Stepping ~*~*~tactically~*~*~ (stealth).
 26498 | D:15     | 26498 ||| Stepping ~*~*~tactically~*~*~ (stealth).
 26500 | D:15     | 26500 ||| Stepping ~*~*~tactically~*~*~ (hiding).
 26526 | D:15     | 26526 ||| Stepping ~*~*~tactically~*~*~ (stealth).
 26546 | D:15     | 26546 ||| Stepping ~*~*~tactically~*~*~ (stealth).
 26548 | D:15     | 26548 ||| Stepping ~*~*~tactically~*~*~ (hiding).
 26598 | D:15     | Noticed a deep elf sorcerer
 26607 | D:15     | Killed a deep elf sorcerer
 26608 | D:15     | Reached skill level 12 in Fighting
 26801 | D:15     | 26801 ||| PLANNING ORC
 26891 | Orc:1    | Entered Level 1 of the Orcish Mines
 26894 | Orc:1    | 26894 ||| INVOKING Apocalypse.
 26895 | Orc:1    | 26895 ||| Stepping ~*~*~tactically~*~*~ (hiding).
 26913 | Orc:1    | 26913 ||| Stepping ~*~*~tactically~*~*~ (hiding).
 26930 | Orc:1    | 26930 ||| Stepping ~*~*~tactically~*~*~ (stealth).
 26931 | Orc:1    | 26931 ||| Stepping ~*~*~tactically~*~*~ (stealth).
 27035 | Orc:1    | 27035 ||| Stepping ~*~*~tactically~*~*~ (stealth).
 27061 | Orc:1    | 27061 ||| DRINKING 14 potions of curing.
 27061 | Orc:1    | 27061 ||| (to cure confusion)
 27278 | Orc:2    | Entered Level 2 of the Orcish Mines
 27314 | Orc:2    | 27314 ||| INVOKING Apocalypse.
 27315 | Orc:2    | 27315 ||| Stepping ~*~*~tactically~*~*~ (hiding).
 27318 | Orc:2    | 27318 ||| Stepping ~*~*~tactically~*~*~ (hiding).
 27347 | Orc:2    | HP: 26/111 [centaur/arrow (6)]
 27348 | Orc:2    | 27348 ||| READING 2 scrolls of teleportation.
 27381 | Orc:2    | 27381 ||| READING scroll of teleportation.
 27382 | Orc:2    | 27382 ||| INVOKING Draw Out Power.
 27400 | Orc:2    | HP: 26/106 [orc warrior/+0 glaive (11)]
 27401 | Orc:2    | 27401 ||| INVOKING Draw Out Power.
 27416 | Orc:2    | 27416 ||| DRINKING 13 potions of curing.
 27416 | Orc:2    | 27416 ||| (to cure confusion)
 27419 | Orc:2    | Paralysed by an orc sorcerer for 5 turns
 27422 | Orc:2    | HP: 17/103 [orc priest/divine providence (14)]
 27423 | Orc:2    | HP: 2/103 [orc knight/+0 halberd (14)]
 27424 | Orc:2    | Killed from afar by an orc priest

Levels and vault maps discovered:
D:1:      wander_arrival_desolate, layout_loops_ring,
          ebering_ecumenical_altar_abandoned, hex_tiny, st_stairs_13,
          chequers_serial_rivers_micro_a, serial_park_tiny_pond
D:2:      layout_basic
D:3:      layout_rooms, uniq_sigmund, uniq_ijyb, uniq_jessica
D:4:      layout_layer_cave, st_stairs_3, minmay_bisected
D:5:      layout_gridville, minmay_temple_entry_stoned_glass
D:6:      old_forge, layout_basic, minmay_overflow_temple_star_hex,
          bloody_makhleb, ebering_ghost_xom
D:7:      layout_basic, serial_shops, nicolae_stop_n_shop_1
D:8:      layout_loops_ring, mainiacjoe_overflow_cross_hatched,
          lightli_ossuary_entry_decrepit_ruins
D:9:      layout_irregular_city, statue_in_the_mist_lemuel
D:10:     layout_loops_cross, grunt_qazlal_sundering,
          gammafunk_ghost_berserking_beasts
D:11:     layout_basic, minmay_lair_entry_grove,
          portal_ice_cave_entry_ice_simulacra, uniq_nergalle
D:12:     layout_irregular_city, orc_david_3, drop_trap, uniq_lodul
D:13:     layout_rooms, david_vaults_1, serial_shops,
          nicolae_shop_temple_entry_statues_fountains, nicolae_shop_vocational
D:14:     layout_roguey, okawaru_ov_weapons_minmay
D:15:     hangedman_depths_entry_try_elsewhere_first, layout_loops_ring,
          reono_crystal_passage
Lair:1:   layout_gridlike, gammafunk_ghost_split
Lair:2:   layout_cellular_growth, minmay_shoals_entry_beasts, uniq_amaemon
Lair:3:   layout_concentric_octagons, spider_nest_entry_funnel_web, st_stairs_4,
          kennysheep_rathole
Lair:4:   layout_roguey, dpeg_slime_entry_enclosed, grunt_megastairs_1,
          uniq_kirke
Lair:5:   minmay_lair_end_frog_pond, layout_regular_city,
          infiniplex_staircase_pool_2
Orc:1:    layout_diamond_mine, mines1_david
Orc:2:    st_orc_rangers, layout_diamond_mine, lightli_church_of_beogh

Skill      XL: |  1  2  3  4  5  6  7  8  9 10 11 12 13 14 |
---------------+-------------------------------------------+-----
Axes           | 3 4 5 6 8 10 11 13 14 15 17 19 | 19.0
Dodging        | 1 2 0 |  0.0
Fighting       | 4 5 6 7 8 10 10 11 12 | 12.0
Throwing       | 2 3 |  3.6
Armour         | 4 6 7 9 9 10 11 | 11.1
Shields        | 4 5 11 11 12 13 | 13.0

Action                   |  1- 3 |  4- 6 |  7- 9 | 10-12 | 13-15 || total
-------------------------+-------+-------+-------+-------+-------++-------
Melee: War axe           |    75 |   120 |   331 |   380 |       ||   906
       Headbutt          |     6 |    20 |    74 |   158 |   153 ||   411
       Broad axe         |       |       |       |   356 |   534 ||   890
       Morningstar       |       |       |       |    15 |       ||    15
       Demon whip        |       |       |       |    29 |     9 ||    38
       Unarmed           |       |       |       |    25 |       ||    25
Throw: Boomerang         |       |    18 |    92 |    63 |    22 ||   195
       Javelin           |       |       |    22 |    17 |     4 ||    43
Invok: Sacrifice Skill   |       |       |     1 |     1 |       ||     2
       Sacrifice Nimblen |       |       |       |     1 |       ||     1
       Apocalypse        |       |       |       |     8 |     9 ||    17
       Sacrifice Love    |       |       |       |     1 |       ||     1
       Sacrifice Experie |       |       |       |     1 |       ||     1
       Draw Out Power    |       |       |       |     2 |     2 ||     4
  Use: Scroll            |     3 |     4 |    11 |    18 |     2 ||    38
       Potion            |     2 |     3 |     3 |     2 |     2 ||    12
 Stab: Distracted        |       |       |     2 |     5 |     6 ||    13
       Invisible         |       |       |       |     4 |     7 ||    11
       Paralysed         |       |       |       |     3 |     7 ||    10
       Petrifying        |       |       |       |     2 |       ||     2
Armor: Scale mail        |    28 |    38 |    21 |       |       ||    87
       Chain mail        |       |       |    61 |       |       ||    61
       Plate armour      |       |       |    30 |   350 |   180 ||   560
Dodge: Dodged            |    37 |    56 |   142 |   253 |   160 ||   648
Block: Buckler           |    17 |    21 |    60 |    51 |       ||   149
       Kite shield       |       |       |       |   269 |   243 ||   512

Table legend:
 A = Non-vault XP
 B = Vault XP
 C = Vault XP percentage of total XP
 D = Non-vault monster count
 E = Vault monster count
 F = Vault count percentage of total count
                 A         B        C        D         E       F
            +---------+---------+-------+---------+---------+-------
      Total |   97015 |   29718 |  23.4 |     509 |     203 |  28.5
            +---------+---------+-------+---------+---------+-------
        D:1 |      40 |       2 |   4.8 |      21 |       1 |   4.5
        D:2 |     118 |       0 |   0.0 |      27 |       0 |   0.0
        D:3 |      76 |     316 |  80.6 |      27 |       3 |  10.0
        D:4 |     251 |     111 |  30.7 |      20 |       5 |  20.0
        D:5 |     579 |       0 |   0.0 |      29 |       0 |   0.0
        D:6 |     648 |     404 |  38.4 |      13 |      18 |  58.1
        D:7 |    1276 |       0 |   0.0 |      30 |       0 |   0.0
        D:8 |    1949 |       0 |   0.0 |      18 |       0 |   0.0
        D:9 |     714 |       0 |   0.0 |      10 |       0 |   0.0
       D:10 |    2693 |       0 |   0.0 |      16 |       0 |   0.0
       D:11 |    3785 |    2503 |  39.8 |      16 |      17 |  51.5
       D:12 |    4665 |    1680 |  26.5 |      18 |      14 |  43.8
       D:13 |    5345 |    2571 |  32.5 |       8 |       4 |  33.3
       D:14 |    7670 |       0 |   0.0 |      11 |       0 |   0.0
       D:15 |   12849 |    1881 |  12.8 |      25 |       3 |  10.7
     Lair:1 |    8886 |       0 |   0.0 |      36 |       0 |   0.0
     Lair:2 |    4128 |    1664 |  28.7 |      15 |       4 |  21.1
     Lair:3 |    6159 |    1942 |  24.0 |      22 |      18 |  45.0
     Lair:4 |    8011 |    2652 |  24.9 |      29 |      15 |  34.1
     Lair:5 |   20987 |    9331 |  30.8 |      53 |      34 |  39.1
      Orc:1 |    4076 |       0 |   0.0 |      36 |       0 |   0.0
      Orc:2 |    2110 |    4127 |  66.2 |      29 |      29 |  50.0
    Ossuary |       0 |     534 | 100.0 |       0 |      38 | 100.0
            +---------+---------+-------+---------+---------+-------
